[Event "Titled Tuesday Blitz July 4 Late 2023"]
[White "Shapiro, Daniel"]
[Black "Womacka, Mathias"]
[WhiteFideId "2001780"]
[BlackFideId "4611390"]
[WhiteElo "2340"]
[BlackElo "2489"]
[Result "0-1"]
[Round "11"]
[TimeControl "180+2"]
[Date "2023.07.04"]
[WhiteClock "0:00:08"]
[BlackClock "0:00:07"]
[Board "83"]

1. d4 Nf6 2. c4 e6 3. g3 c5 4. d5 exd5 5. cxd5 d6 6. Nc3 g6 7. Nf3 Bg7 8. Nd2 O-O 9. Nc4 Ne8 10. Bg2 Nd7 11. O-O Ne5 12. Nxe5 Bxe5 13. Bh6 Ng7 14. Qd2 f5 15. f4 Bf6 16. h4 Re8 17. Rae1 Bd7 18. Bg5 Nh5 19. Kh2 Kg7 20. Nd1 h6 21. Bxf6+ Nxf6 22. Nf2 Qe7 23. e4 fxe4 24. Nxe4 Nxe4 25. Rxe4 Qf6 26. Rfe1 Rxe4 27. Rxe4 Re8 28. Rxe8 Bxe8 29. Bh3 Bf7 30. h5 gxh5 31. Bg2 Bg6 32. Bf3 h4 33. g4 Bf7 34. Kh3 b5 35. Be4 b4 36. g5 hxg5 37. fxg5 Qe5 38. Bf3 Qg3# 0-1


[Site "https://www.chess.com"]

[Event "Titled Tuesday Blitz July 4 Late 2023"]
[White "Herman, Matthew"]
[Black "Gerbelli Neto, Eduardo"]
[WhiteFideId "2028964"]
[BlackFideId "2103281"]
[WhiteElo "2460"]
[BlackElo "2322"]
[Result "1-0"]
[Round "11"]
[TimeControl "180+2"]
[Date "2023.07.04"]
[WhiteClock "0:00:08"]
[BlackClock "0:00:00"]
[Board "84"]

1. Nf3 Nf6 2. g3 c5 3. Bg2 Nc6 4. O-O d5 5. d3 e6 6. Nbd2 b5 7. a4 b4 8. b3 Bb7 9. Bb2 Be7 10. e3 O-O 11. Qe2 Re8 12. h3 a5 13. Rfe1 Qc7 14. Rad1 h6 15. e4 Rac8 16. e5 Nd7 17. h4 Nd4 18. Nxd4 cxd4 19. Rc1 Bc5 20. Nf3 Qb6 21. Qd2 f6 22. exf6 Nxf6 23. Bh3 Rc6 24. Ne5 Rd6 25. Re2 Bc8 26. Rce1 Nd7 27. Qf4 Nxe5 28. Rxe5 Rf8 29. Qg4 Rf6 30. f4 Rc6 31. Qh5 Bd7 32. Rxd5 exd5 33. Bxd7 Rcd6 34. Re8+ Kh7 35. Bh3 Rd8 36. Re1 g6 37. Qf3 Qd6 38. Kg2 h5 39. Re5 Kg7 40. Qe2 Rdf8 41. Bc1 R8f7 42. Bd2 Qc6 43. Kg1 Bd6 44. Re8 Qxc2 45. Be6 Re7 46. Rg8+ Kh7 47. f5 Bxg3 48. fxg6+ Rxg6 49. Qxh5+ 1-0


[Site "https://www.chess.com"]

[Event "Titled Tuesday Blitz July 4 Late 2023"]
[White "Omariev, Maksim"]
[Black "Rodriguez Santiago, Jaime"]
[WhiteFideId "4193423"]
[BlackFideId "3100898"]
[WhiteElo "2419"]
[BlackElo "2327"]
[Result "0-1"]
[Round "11"]
[TimeControl "180+2"]
[Date "2023.07.04"]
[WhiteClock "0:00:00"]
[BlackClock "0:00:28"]
[Board "85"]

1. h4 d5 2. h5 h6 3. a4 Nf6 4. a5 Bg4 5. Nf3 Bxh5 6. b4 Bg6 7. Bb2 Nbd7 8. e3 e6 9. b5 Bd6 10. Be2 e5 11. d4 e4 12. Ne5 Qe7 13. Nxg6 fxg6 14. c4 Bb4+ 15. Nc3 O-O 16. Qb3 Bxc3+ 17. Bxc3 c6 18. Bb4 c5 19. cxd5 Kh7 20. dxc5 Nxc5 21. Qa3 b6 22. Rd1 Nfd7 23. O-O Qh4 24. Rd4 Rf5 25. axb6 Raf8 26. Bxc5 Nxc5 27. Qxc5 Rxf2 28. Rxe4 Rxf1+ 29. Bxf1 Qf2+ 30. Kh2 Rf5 0-1


[Site "https://www.chess.com"]

[Event "Titled Tuesday Blitz July 4 Late 2023"]
[White "KorolDimitriy75"]
[Black "Kukavica, Tony"]
[BlackFideId "2062542"]
[WhiteElo "2416"]
[BlackElo "2296"]
[Result "1/2-1/2"]
[Round "11"]
[TimeControl "180+2"]
[Date "2023.07.04"]
[WhiteClock "0:00:04"]
[BlackClock "0:00:06"]
[Board "86"]

1. d4 d5 2. c4 e6 3. Nc3 Nf6 4. Bg5 Be7 5. cxd5 exd5 6. e3 c6 7. Bd3 O-O 8. Qc2 Nbd7 9. Nge2 Re8 10. f3 h6 11. Bh4 Nf8 12. O-O a5 13. Rad1 Nh5 14. Bf2 Bh4 15. e4 Bxf2+ 16. Rxf2 dxe4 17. fxe4 Ne6 18. e5 g6 19. Ne4 Qh4 20. Nd6 Re7 21. Rdf1 Nxd4 22. Nxd4 Qxd4 23. Bxg6 fxg6 24. Qxg6+ Ng7 25. Nf7 Be6 26. Nxh6+ Kh8 27. Kh1 Bg8 28. h3 Qxe5 29. Rf8 Rxf8 30. Rxf8 Qe1+ 31. Kh2 Qe5+ 32. Kh1 Qe1+ 33. Kh2 Qe5+ 34. Qg3 Qxg3+ 35. Kxg3 Re8 36. Rxe8 Nxe8 37. Kf4 Bxa2 38. Ke5 b5 39. Nf5 c5 40. g4 Ng7 41. Nd6 b4 42. h4 c4 43. Ne4 Bb1 44. Nd2 Bd3 45. Kd4 Ne6+ 46. Kd5 c3 47. bxc3 bxc3 48. Nb3 a4 49. Nc1 Nf4+ 50. Kd4 a3 51. Kxc3 Ne2+ 52. Nxe2 Bxe2 53. Kb3 Bxg4 54. Kxa3 Kg7 55. Kb4 Kh6 56. Kc5 Kh5 57. Kd4 Kxh4 1/2-1/2


[Site "https://www.chess.com"]

[Event "Titled Tuesday Blitz July 4 Late 2023"]
[White "Antonio, Jorge Carlos"]
[Black "Vega Gutierrez, Sabrina"]
[WhiteFideId "113190"]
[BlackFideId "2219026"]
[WhiteElo "2291"]
[BlackElo "2400"]
[Result "0-1"]
[Round "11"]
[TimeControl "180+2"]
[Date "2023.07.04"]
[WhiteClock "0:00:57"]
[BlackClock "0:00:02"]
[Board "87"]

1. d4 d5 2. Nf3 e6 3. Bf4 Bd6 4. Bxd6 cxd6 5. e3 Nf6 6. c4 dxc4 7. Bxc4 O-O 8. O-O b6 9. Nc3 Bb7 10. Be2 Nbd7 11. Rc1 a6 12. Qb3 b5 13. a4 Rb8 14. axb5 axb5 15. Bxb5 Bc6 16. Qc4 Bxb5 17. Nxb5 Qb6 18. Nc3 Rfc8 19. Qa2 Qxb2 20. Qxb2 Rxb2 21. Rb1 Rxb1 22. Nxb1 Ne4 23. Nbd2 Ndf6 24. Rb1 g5 25. Nxe4 Nxe4 26. h3 Kg7 27. Rf1 h5 28. g4 h4 29. Kg2 Kg6 30. Ne1 Rc2 31. Nd3 Rd2 32. Nb4 Rb2 33. Nc6 Nd2 34. Ne7+ Kf6 35. Nc8 Nxf1 36. Kxf1 d5 37. Na7 Rb6 38. Nc8 Ra6 39. Ke2 Ra2+ 40. Kf3 Ra6 41. Ke2 e5 42. dxe5+ Kxe5 43. Kf3 Ke6 44. Ke2 Kd7 45. Kd3 Kxc8 46. Kd4 Ra2 47. f4 gxf4 48. exf4 Rh2 49. Kxd5 Rxh3 50. Ke5 Rg3 51. g5 h3 52. Kf6 h2 53. Kxf7 h1=Q 54. f5 Qh5+ 55. g6 Qxf5+ 56. Kg7 Qxg6+ 57. Kh8 Qg7# 0-1


[Site "https://www.chess.com"]

[Event "Titled Tuesday Blitz July 4 Late 2023"]
[White "Bochnicka, Vladimir"]
[Black "Saucey, Michel"]
[WhiteFideId "14943450"]
[BlackFideId "601845"]
[WhiteElo "2387"]
[BlackElo "2289"]
[Result "1-0"]
[Round "11"]
[TimeControl "180+2"]
[Date "2023.07.04"]
[WhiteClock "0:00:57"]
[BlackClock "0:00:06"]
[Board "88"]

1. e4 c5 2. Nf3 e6 3. g3 Nc6 4. Bg2 Nf6 5. d3 d5 6. Nbd2 Be7 7. O-O O-O 8. e5 Nd7 9. Qe2 b5 10. c4 bxc4 11. dxc4 Nb6 12. Rd1 Ba6 13. b3 Qc7 14. Bb2 Rab8 15. Rab1 dxc4 16. bxc4 Na5 17. Ne4 Bxc4 18. Qc2 Bxa2 19. Nf6+ Bxf6 20. exf6 Bxb1 21. Rxb1 Nd5 22. fxg7 Rfe8 23. Ng5 f5 24. Bxd5 Rxb2 25. Rxb2 exd5 26. Qxf5 Qxg7 27. Qxd5+ Kf8 28. Rb8 Qe7 29. Ne6+ 1-0


[Site "https://www.chess.com"]

[Event "Titled Tuesday Blitz July 4 Late 2023"]
[White "financieru"]
[Black "Cooper, Aaron"]
[BlackFideId "2634945"]
[WhiteElo "2384"]
[BlackElo "2223"]
[Result "1-0"]
[Round "11"]
[TimeControl "180+2"]
[Date "2023.07.04"]
[WhiteClock "0:01:02"]
[BlackClock "0:00:00"]
[Board "89"]

1. d4 Nf6 2. c4 e6 3. Nc3 d5 4. Bg5 Nbd7 5. cxd5 exd5 6. e3 Be7 7. Bd3 c6 8. Nf3 O-O 9. Qc2 Re8 10. O-O a5 11. Rab1 h6 12. Bh4 Nh5 13. Bxe7 Qxe7 14. a3 Ndf6 15. b4 axb4 16. axb4 Ne4 17. b5 Nxc3 18. Qxc3 Nf6 19. bxc6 bxc6 20. Qxc6 Be6 21. Rb7 Qa3 22. Qc2 Rec8 23. Qb1 Ra7 24. Rb8 Ra8 25. Rxa8 Rxa8 26. h3 Rc8 27. Ne5 Nd7 28. Nxd7 Bxd7 29. Bf5 Qd6 30. Bxd7 Qxd7 31. Rc1 Re8 32. Qb6 Re6 33. Qb8+ Re8 34. Qb4 Qf5 35. Qc5 Re6 36. Qc2 Qg5 37. Qd3 Rg6 38. g3 h5 39. h4 Qg4 40. Rc5 Qe6 41. Qb5 Qg4 42. Rxd5 Qxh4 43. Rxh5 Rxg3+ 44. Kf1 1-0


[Site "https://www.chess.com"]

[Event "Titled Tuesday Blitz July 4 Late 2023"]
[White "Prydun, Andriy"]
[Black "Osmonbekov, Talaibek"]
[WhiteFideId "14145898"]
[BlackFideId "2017253"]
[WhiteElo "2383"]
[BlackElo "2171"]
[Result "1-0"]
[Round "11"]
[TimeControl "180+2"]
[Date "2023.07.04"]
[WhiteClock "0:00:06"]
[BlackClock "0:00:00"]
[Board "90"]

1. e4 c5 2. Nf3 d6 3. d4 cxd4 4. Nxd4 Nf6 5. Nc3 g6 6. Be3 Bg7 7. f3 O-O 8. Qd2 Nc6 9. g4 h5 10. gxh5 Nxh5 11. O-O-O Bd7 12. Bc4 Rc8 13. Bb3 Ne5 14. Rhg1 Nc4 15. Qe2 b5 16. Ndxb5 Bxb5 17. Nxb5 Nxb2 18. Rxg6 Nxd1 19. Qxd1 a6 20. f4 axb5 21. Qxh5 e6 22. f5 Rc3 23. Rxg7+ Kxg7 24. Bh6+ Kh7 25. Bxf8+ Kg8 26. Bh6 Qf6 27. Bg5 Qd4 28. Qg4 1-0


[Site "https://www.chess.com"]

[Event "Titled Tuesday Blitz July 4 Late 2023"]
[White "ChawitAp"]
[Black "Horokoskii"]
[WhiteElo "2368"]
[BlackElo "2110"]
[Result "1-0"]
[Round "11"]
[TimeControl "180+2"]
[Date "2023.07.04"]
[WhiteClock "0:01:02"]
[BlackClock "0:01:10"]
[Board "92"]

1. e4 e6 2. d4 d5 3. Nd2 Nf6 4. e5 Nfd7 5. Bd3 c5 6. c3 Nc6 7. Ne2 b6 8. O-O cxd4 9. cxd4 Nb4 10. Bb1 Ba6 11. Nf3 Rc8 12. a3 Nc6 13. Re1 Be7 14. Bf4 Na5 15. Ng3 h5 16. b4 Nc4 17. Nd2 Nxd2 18. Bxd2 Bg5 19. f4 Bh4 20. f5 Bg5 21. fxe6 fxe6 22. Bg6+ Kf8 23. Qf3+ Bf6 24. exf6 Nxf6 25. Rxe6 1-0


[Site "https://www.chess.com"]

[Event "Titled Tuesday Blitz July 4 Late 2023"]
[White "Upper, John"]
[Black "Zhou, Qiyu"]
[WhiteFideId "2606437"]
[BlackFideId "505161"]
[WhiteElo "1969"]
[BlackElo "2354"]
[Result "0-1"]
[Round "11"]
[TimeControl "180+2"]
[Date "2023.07.04"]
[WhiteClock "0:00:00"]
[BlackClock "0:00:15"]
[Board "93"]

1. c4 e5 2. Nc3 Nc6 3. e3 Bc5 4. Nf3 d6 5. d4 exd4 6. exd4 Bb6 7. Bg5 Nge7 8. Be2 O-O 9. O-O f6 10. Bf4 Nf5 11. d5 Ne5 12. Rc1 Ng6 13. Bd2 Nd4 14. Nxd4 Bxd4 15. Bf3 Bf5 16. Be4 Qd7 17. Qf3 Bxe4 18. Qxe4 Bb6 19. Rfe1 Rae8 20. Qd3 Ne5 21. Qf1 Qg4 22. Kh1 Nxc4 23. f3 Nxd2 24. fxg4 Nxf1 25. Rxf1 Re5 26. b4 Rfe8 27. a3 R8e7 28. a4 a6 29. a5 Bd4 30. h3 Bxc3 31. Rxc3 Rxd5 32. Rfc1 c6 33. Kh2 Re2 34. Kg3 Rdd2 35. Rg1 Kf7 36. b5 axb5 37. a6 bxa6 38. Rxc6 a5 39. Rc7+ Kg6 40. h4 h5 41. gxh5+ Kxh5 42. Rxg7 Rd3+ 43. Kh2 Kxh4 0-1


[Site "https://www.chess.com"]

[Event "Titled Tuesday Blitz July 4 Late 2023"]
[White "Sun, Rick"]
[Black "BenchGM"]
[WhiteFideId "30909481"]
[WhiteElo "2554"]
[BlackElo "2351"]
[Result "1/2-1/2"]
[Round "11"]
[TimeControl "180+2"]
[Date "2023.07.04"]
[WhiteClock "0:00:08"]
[BlackClock "0:00:07"]
[Board "94"]

1. d4 Nf6 2. Nc3 d5 3. Bf4 c5 4. e3 cxd4 5. exd4 a6 6. Nf3 Nc6 7. h3 e6 8. Bd3 Bd6 9. Bg5 O-O 10. Qd2 b5 11. g4 b4 12. Ne2 e5 13. dxe5 Bxe5 14. O-O-O Qa5 15. Kb1 Ne4 16. Bxe4 dxe4 17. Nxe5 Qxe5 18. Bf4 Qa5 19. Qd6 Bb7 20. Qd7 Ra7 21. Rd5 Rd8 22. Qxd8+ Qxd8 23. Rxd8+ Nxd8 24. Rd1 Ne6 25. Be3 Ra8 26. Nd4 Rd8 27. Kc1 Nxd4 28. Bxd4 a5 29. Bb6 Rxd1+ 30. Kxd1 a4 31. Bc5 b3 32. cxb3 axb3 33. axb3 f6 34. Kd2 Kf7 35. b4 Ke6 36. Ke3 Kd5 37. b3 g6 38. Kf4 Bc8 39. h4 f5 40. gxf5 gxf5 41. Kg5 Be6 42. Kh6 Ke5 43. Kxh7 Bxb3 44. h5 f4 45. h6 Kf6 46. Bd4+ Kf7 47. b5 Bc2 48. Kh8 Bb3 49. b6 Bd5 50. Be5 f3 51. Bd4 Bb7 52. Kh7 Bc6 53. Be5 Bb7 54. Bf4 Bc6 55. Be3 Bb7 56. Bd4 Bc6 57. Kh8 Bb7 58. Be3 Bc6 59. Bd4 Bb7 1/2-1/2


[Site "https://www.chess.com"]

[Event "Titled Tuesday Blitz July 4 Late 2023"]
[White "Vaglio Munoz, Jaime"]
[Black "D`Arruda, Ricardo D."]
[WhiteFideId "6500145"]
[BlackFideId "100692"]
[WhiteElo "2302"]
[BlackElo "2526"]
[Result "0-1"]
[Round "11"]
[TimeControl "180+2"]
[Date "2023.07.04"]
[WhiteClock "0:00:52"]
[BlackClock "0:00:39"]
[Board "95"]

1. e4 c5 2. a3 e6 3. b4 cxb4 4. axb4 Bxb4 5. c3 Be7 6. d4 d6 7. f4 Nf6 8. e5 Nfd7 9. Qg4 O-O 10. Bd3 f5 11. Qh3 Nc6 12. g4 g6 13. gxf5 exf5 14. Ne2 Nb6 15. Rg1 dxe5 16. fxe5 Be6 17. Nf4 Bh4+ 18. Ke2 Bc4 19. Bxc4+ Nxc4 20. Ne6 Qe7 21. Nxf8 Rxf8 22. Ba3 Nxa3 23. Rxa3 Bg5 24. Qf3 Rd8 25. h4 Bxh4 26. Qxf5 Kh8 27. Qe4 Rf8 28. Rg2 Qf7 29. Kd3 Qf1+ 30. Qe2 Qxb1+ 31. Qc2 Qf1+ 32. Qe2 Qf5+ 33. Qe4 Nxe5+ 34. Ke3 Bg5+ 35. Rxg5 Qxg5+ 36. Ke2 Qh5+ 37. Ke1 Nc4 38. Ra2 g5 39. Rf2 Re8 40. Rf8+ Rxf8 41. Qxb7 Qh4+ 42. Ke2 Rf2+ 43. Kd1 Qg4+ 44. Kc1 Qg1# 0-1


[Site "https://www.chess.com"]

[Event "Titled Tuesday Blitz July 4 Late 2023"]
[White "Buchenau, Frank"]
[Black "Kostiukov, Alexandr"]
[WhiteFideId "4604350"]
[BlackFideId "14108100"]
[WhiteElo "2394"]
[BlackElo "2295"]
[Result "0-1"]
[Round "11"]
[TimeControl "180+2"]
[Date "2023.07.04"]
[WhiteClock "0:00:08"]
[BlackClock "0:00:10"]
[Board "96"]

1. e4 c5 2. Nf3 g6 3. c3 Bg7 4. d4 cxd4 5. cxd4 d5 6. e5 Nh6 7. Bb5+ Nc6 8. Bxc6+ bxc6 9. O-O Bg4 10. Nbd2 O-O 11. h3 Bxf3 12. Nxf3 Nf5 13. g4 Nh6 14. Be3 f5 15. Ng5 Qc8 16. f3 Nf7 17. Nxf7 Rxf7 18. Rc1 Qe6 19. Qa4 Rc8 20. Qxa7 fxg4 21. hxg4 h5 22. gxh5 gxh5 23. Rc2 Kh7 24. Rh2 Bh6 25. Qa3 Rg8+ 26. Kh1 Rg3 27. Qd3+ Kg8 28. Qd2 Bxe3 29. Qxe3 Qf5 30. Rg2 h4 31. Rxg3+ hxg3 32. Kg2 Rh7 33. Rg1 Rh2+ 34. Kf1 Qb1+ 35. Qe1 Qd3+ 36. Qe2 Qxe2# 0-1


[Site "https://www.chess.com"]

[Event "Titled Tuesday Blitz July 4 Late 2023"]
[White "Graham, Nathaniel"]
[Black "Silva Lucena, Cristian"]
[WhiteFideId "2007983"]
[BlackFideId "2232588"]
[WhiteElo "2074"]
[BlackElo "2390"]
[Result "1/2-1/2"]
[Round "11"]
[TimeControl "180+2"]
[Date "2023.07.04"]
[WhiteClock "0:00:08"]
[BlackClock "0:01:01"]
[Board "97"]

1. e4 e5 2. Nf3 Nc6 3. Nc3 Nf6 4. Bb5 Nd4 5. Nxd4 exd4 6. e5 dxc3 7. exf6 cxd2+ 8. Bxd2 Qxf6 9. O-O c6 10. Re1+ Be7 11. Bc3 Qg5 12. Re5 Qf6 13. Re3 Qh4 14. g3 Qg5 15. Re5 Qf6 16. Qe2 d6 17. Re3 Qg5 18. h4 Bg4 19. Qe1 Qxb5 20. Rxe7+ Kf8 21. Qe3 Be6 22. Rxe6 fxe6 23. Qxe6 Qd5 24. Qd7 Qf7 25. Qxd6+ Kg8 26. Re1 Re8 27. Rxe8+ Qxe8 28. Qc7 Qf8 29. Qxb7 h6 30. Qxc6 Qf7 31. Qe4 Qxa2 32. Qe8+ Kh7 33. Qe4+ Kg8 34. Qe8+ Kh7 35. Qe4+ Kg8 1/2-1/2


[Site "https://www.chess.com"]

[Event "Titled Tuesday Blitz July 4 Late 2023"]
[White "Bjelobrk, Igor"]
[Black "Sanchez, Robert"]
[WhiteFideId "4300726"]
[BlackFideId "2034360"]
[WhiteElo "2577"]
[BlackElo "2212"]
[Result "1-0"]
[Round "11"]
[TimeControl "180+2"]
[Date "2023.07.04"]
[WhiteClock "0:01:19"]
[BlackClock "0:01:26"]
[Board "98"]

1. d4 Nf6 2. c4 e6 3. g3 Bb4+ 4. Bd2 Be7 5. Bg2 O-O 6. Nf3 d5 7. O-O c6 8. Qc2 Ne4 9. Nc3 Nxd2 10. Nxd2 Nd7 11. Rfd1 Bf6 12. e3 g6 13. b4 Bg7 14. a4 Qe7 15. Rab1 dxc4 16. Nxc4 e5 17. d5 cxd5 18. Nxd5 Qg5 19. Nd6 Nb6 20. h4 Qh5 21. Ne7+ Kh8 22. a5 Bg4 23. axb6 Bxd1 24. Qxd1 Qxd1+ 25. Rxd1 axb6 26. Bxb7 Rab8 27. Nc6 Rxb7 28. Nxb7 Bf6 29. Rd7 Kg7 30. Nd6 1-0


[Site "https://www.chess.com"]

[Event "Titled Tuesday Blitz July 4 Late 2023"]
[White "Grinev, Valeriy"]
[Black "Thiel, Thomas"]
[WhiteFideId "14117517"]
[BlackFideId "4615964"]
[WhiteElo "2535"]
[BlackElo "2214"]
[Result "1-0"]
[Round "11"]
[TimeControl "180+2"]
[Date "2023.07.04"]
[WhiteClock "0:01:48"]
[BlackClock "0:01:33"]
[Board "99"]

1. e4 d5 2. exd5 Nf6 3. d4 Nxd5 4. Nf3 g6 5. Be2 Bg7 6. O-O O-O 7. c4 Nb6 8. h3 Nc6 9. Be3 e5 10. dxe5 Nxe5 11. Nxe5 Bxe5 12. Nc3 Qxd1 13. Rfxd1 Bxc3 14. bxc3 Be6 15. c5 Na4 16. Bd4 b6 17. cxb6 axb6 18. a3 c5 19. Bf6 c4 20. Bf3 Rac8 21. Bd5 Bxd5 22. Rxd5 Rc6 23. Bd4 f6 24. Re1 Rfc8 25. Re7 R8c7 26. Rd8# 1-0


[Site "https://www.chess.com"]

[Event "Titled Tuesday Blitz July 4 Late 2023"]
[White "Pein, Jonathan"]
[Black "Ferriz Barrios, Andres"]
[WhiteFideId "417092"]
[BlackFideId "5104467"]
[WhiteElo "2420"]
[BlackElo "2192"]
[Result "1-0"]
[Round "11"]
[TimeControl "180+2"]
[Date "2023.07.04"]
[WhiteClock "0:01:47"]
[BlackClock "0:01:29"]
[Board "100"]

1. e4 c5 2. g3 Nc6 3. Bg2 e5 4. Ne2 g6 5. Nbc3 Bg7 6. d3 Nge7 7. O-O Nd4 8. f4 d6 9. Rb1 O-O 10. f5 gxf5 11. exf5 Nexf5 12. Nd5 Be6 13. c3 Nc6 14. Kh1 Kh8 15. Be4 Nce7 16. Nxe7 Nxe7 17. Bxb7 Qb8 18. Bg2 Bxa2 19. Ra1 Bd5 20. Bg5 Qb7 21. Bxd5 Nxd5 22. Kg1 f6 23. Bd2 f5 24. Qc2 f4 25. gxf4 exf4 26. Nxf4 Nxf4 27. Bxf4 Be5 28. Bg3 Rg8 29. Qg2 Qe7 30. Rae1 Rg5 31. Kh1 Rag8 32. d4 cxd4 33. cxd4 Qf6 34. Rxf6 Bxf6 35. Qf2 1-0


[Site "https://www.chess.com"]

[Event "Titled Tuesday Blitz July 4 Late 2023"]
[White "Cardozo Munar, Carlos Eduardo"]
[Black "Vila Dupla, Aurelio"]
[WhiteFideId "4409477"]
[BlackFideId "2203383"]
[WhiteElo "2320"]
[BlackElo "2173"]
[Result "0-1"]
[Round "11"]
[TimeControl "180+2"]
[Date "2023.07.04"]
[WhiteClock "0:00:12"]
[BlackClock "0:00:26"]
[Board "101"]

1. e4 c5 2. Nf3 d6 3. g3 g6 4. Bg2 Bg7 5. O-O e5 6. d3 Ne7 7. Nbd2 O-O 8. c3 Nbc6 9. Re1 b5 10. Nf1 b4 11. a3 bxc3 12. bxc3 Rb8 13. h4 h5 14. Ne3 Ba6 15. Ng5 Bb5 16. a4 Ba6 17. Bh3 Na5 18. Nc2 d5 19. exd5 Nxd5 20. Bd2 Nb3 21. Rb1 Bxd3 22. Rxb3 Rxb3 23. Ne3 c4 24. Qf3 Nxe3 25. Rxe3 e4 26. Qf4 Bxc3 27. Bxc3 Rxc3 28. Nxe4 Rc1+ 29. Kh2 Bxe4 30. Rxe4 Qd1 31. Bg2 c3 32. Rc4 Qd2 33. Qf6 Qd3 34. Rc7 c2 35. Be4 Qxe4 36. f3 Qe2+ 37. Kh3 Qf1+ 38. Kh2 Qf2+ 39. Kh3 Rh1# 0-1


[Site "https://www.chess.com"]

[Event "Titled Tuesday Blitz July 4 Late 2023"]
[White "Zampronha, Wladimir Camilo"]
[Black "Hartikainen, Jarmo"]
[WhiteFideId "2103087"]
[BlackFideId "503134"]
[WhiteElo "2270"]
[BlackElo "2166"]
[Result "1-0"]
[Round "11"]
[TimeControl "180+2"]
[Date "2023.07.04"]
[WhiteClock "0:00:02"]
[BlackClock "0:00:02"]
[Board "102"]

1. e4 c5 2. Nf3 Nc6 3. d4 cxd4 4. Nxd4 Nf6 5. Nc3 d6 6. Bg5 Bd7 7. Qd2 e6 8. O-O-O a6 9. f4 h6 10. Bxf6 Qxf6 11. Nf3 Qd8 12. Kb1 Qc7 13. g4 O-O-O 14. f5 Be7 15. Bd3 Kb8 16. h3 Bc8 17. Qe2 Bf6 18. Qd2 Na5 19. Ne2 Nc4 20. Bxc4 Qxc4 21. Qd3 Qxd3 22. cxd3 b5 23. Rc1 Bb7 24. Rhf1 Rc8 25. Rxc8+ Rxc8 26. Rc1 Rxc1+ 27. Kxc1 exf5 28. gxf5 Kc7 29. Kc2 Kd7 30. Nf4 Bg5 31. Nh5 g6 32. Nxg5 hxg5 33. fxg6 fxg6 34. Nf6+ Ke7 35. Ng4 Bc8 36. Kd2 Be6 37. a3 a5 38. Ke3 b4 39. axb4 axb4 40. Kd4 b3 41. Kc3 Kd7 42. d4 d5 43. exd5 Bxd5 44. Nf6+ Ke6 45. Nxd5 Kxd5 46. Kxb3 Kxd4 47. Ka4 Kc4 48. b4 g4 49. hxg4 g5 50. Ka5 Kd4 51. b5 Ke4 52. b6 Kf4 53. b7 Kxg4 54. b8=Q Kf3 55. Qh2 g4 56. Qg1 g3 57. Kb4 g2 58. Kc3 Kg3 59. Kd3 Kf3 60. Kd2 Kg3 61. Ke2 Kh3 62. Kf3 Kh4 63. Qxg2 Kh5 64. Qg7 Kh4 65. Qh6# 1-0


[Site "https://www.chess.com"]

[Event "Titled Tuesday Blitz July 4 Late 2023"]
[White "Oliveira, Tiago Batista"]
[Black "Sokolov, Andrei"]
[WhiteFideId "2108291"]
[BlackFideId "11600306"]
[WhiteElo "2161"]
[BlackElo "2257"]
[Result "0-1"]
[Round "11"]
[TimeControl "180+2"]
[Date "2023.07.04"]
[WhiteClock "0:00:00"]
[BlackClock "0:00:03"]
[Board "103"]

1. d4 d5 2. c4 c6 3. Nf3 Nf6 4. Qc2 e6 5. g3 Bd6 6. Bg2 O-O 7. O-O Nbd7 8. Rd1 Ne4 9. Nbd2 f5 10. Nf1 Ndf6 11. Ng5 h6 12. Nxe4 fxe4 13. f3 exf3 14. exf3 h5 15. Re1 h4 16. Qg6 hxg3 17. hxg3 Qe8 18. Qxe8 Rxe8 19. c5 Bc7 20. Bg5 Bd7 21. Bh3 Kf7 22. Kg2 Re7 23. Nd2 Rae8 24. Bxf6 gxf6 25. f4 e5 26. Bxd7 Rxd7 27. fxe5 fxe5 28. Rf1+ Kg7 29. Nf3 e4 30. Nh4 Re6 31. Rf5 Rf6 32. Raf1 Rdf7 33. g4 b6 34. g5 Rxf5 35. Nxf5+ Kf8 36. g6 Rf6 37. cxb6 axb6 38. g7+ Kg8 39. Ne7+ Kxg7 40. Rxf6 Kxf6 41. Nxc6 Ke6 42. Kf2 Bd6 43. a3 Bf8 44. Ke2 Kd6 45. Nb4 Kc7 46. Nxd5+ Kd6 47. Nc3 Bh6 48. Nxe4+ Kd5 49. Nc3+ Kxd4 50. Na4 b5 51. Nb6 Kc5 52. Nd7+ Kc4 53. Kd1 Kb3 0-1


[Site "https://www.chess.com"]

[Event "Titled Tuesday Blitz July 4 Late 2023"]
[White "Alexikov, Alexander"]
[Black "Mangialardo, Tiago Carvalho"]
[WhiteFideId "14103958"]
[BlackFideId "2130718"]
[WhiteElo "2256"]
[BlackElo "2123"]
[Result "1-0"]
[Round "11"]
[TimeControl "180+2"]
[Date "2023.07.04"]
[WhiteClock "0:00:53"]
[BlackClock "0:00:09"]
[Board "104"]

1. e4 Nf6 2. e5 Nd5 3. d4 d6 4. Nf3 Nc6 5. c4 Nb6 6. e6 fxe6 7. Nc3 g6 8. h4 e5 9. d5 Nd4 10. Nxd4 exd4 11. Qxd4 Rg8 12. Bg5 Bg7 13. Qe3 Bf5 14. Be2 Qd7 15. f3 h5 16. g4 hxg4 17. fxg4 Bxc3+ 18. bxc3 Bc2 19. Kd2 Ba4 20. Rae1 O-O-O 21. Qxe7 Rde8 22. Qxd7+ Bxd7 23. Bf6 Re4 24. h5 Bxg4 25. h6 Nxc4+ 26. Bxc4 Rxc4 27. h7 Rf8 28. h8=Q Rxh8 29. Rxh8+ Kd7 30. Re7# 1-0


[Site "https://www.chess.com"]

[Event "Titled Tuesday Blitz July 4 Late 2023"]
[White "Tsukerman, Julia"]
[Black "Guimaraes, Wagner Peixoto"]
[WhiteFideId "2621649"]
[BlackFideId "2100940"]
[WhiteElo "2099"]
[BlackElo "2247"]
[Result "0-1"]
[Round "11"]
[TimeControl "180+2"]
[Date "2023.07.04"]
[WhiteClock "0:00:32"]
[BlackClock "0:00:41"]
[Board "105"]

1. e4 c5 2. Nf3 d6 3. d4 cxd4 4. Nxd4 Nf6 5. Nc3 g6 6. Be3 Bg7 7. f3 O-O 8. Qd2 Nc6 9. Bc4 Bd7 10. O-O-O Rb8 11. g4 Ne5 12. Bb3 b5 13. h4 Nc4 14. Bxc4 bxc4 15. h5 Qb6 16. b3 cxb3 17. Nxb3 Qa6 18. hxg6 fxg6 19. Bd4 Rfc8 20. Rh2 Be6 21. Kb1 Qc4 22. Rdh1 a5 23. Bxf6 Bxf6 24. Rxh7 Qxc3 25. Qxc3 Rxc3 26. g5 Bg7 0-1


[Site "https://www.chess.com"]

[Event "Titled Tuesday Blitz July 4 Late 2023"]
[White "Kovacevic, Radmila"]
[Black "Sainz Aguirre, Ignacio"]
[WhiteFideId "933171"]
[BlackFideId "5101727"]
[WhiteElo "2225"]
[BlackElo "1975"]
[Result "1-0"]
[Round "11"]
[TimeControl "180+2"]
[Date "2023.07.04"]
[WhiteClock "0:02:02"]
[BlackClock "0:00:46"]
[Board "106"]

1. e4 e6 2. d3 d5 3. Qe2 Nf6 4. Nf3 dxe4 5. dxe4 Nc6 6. e5 Nd5 7. c3 a5 8. g3 b6 9. Qc2 Bb7 10. Bg2 Ba6 11. Qa4 Qd7 12. c4 Ndb4 13. O-O Bxc4 14. Rd1 Bd5 15. a3 b5 16. Qxb5 Nc2 17. Ra2 Rb8 18. Qd3 Qc8 19. Qxc2 Bxa2 20. Qxc6+ 1-0


[Site "https://www.chess.com"]

[Event "Titled Tuesday Blitz July 4 Late 2023"]
[White "Cardenas Carbajal, Nilson"]
[Black "Schachpanda_Youtube"]
[WhiteFideId "8401128"]
[WhiteElo "2095"]
[BlackElo "2208"]
[Result "1-0"]
[Round "11"]
[TimeControl "180+2"]
[Date "2023.07.04"]
[WhiteClock "0:00:08"]
[BlackClock "0:00:00"]
[Board "107"]

1. e4 c6 2. d4 d5 3. Nd2 dxe4 4. Nxe4 Nf6 5. Nxf6+ exf6 6. c3 Bd6 7. Bd3 O-O 8. Qc2 Re8+ 9. Ne2 h5 10. Be3 h4 11. h3 Nd7 12. O-O-O Nf8 13. Ng1 Qa5 14. Kb1 Be6 15. c4 b5 16. Nf3 bxc4 17. Bxc4 Rab8 18. Nxh4 Bxc4 19. Qxc4 Rb4 20. Bd2 Rxc4 21. Bxa5 g6 22. Nf3 Ne6 23. Bc3 Nf4 24. g3 Nd5 25. Rd3 Re2 26. Rf1 Ba3 27. Nd2 Nxc3+ 28. bxc3 Ra4 29. c4 Bd6 30. Rb3 Kg7 31. Nf3 Rxc4 32. Rd3 Rcc2 33. Rb3 c5 34. Re1 c4 35. Rxe2 cxb3 36. Rxc2 bxc2+ 37. Kxc2 f5 38. Kd3 Kf6 39. Nd2 Ke6 40. Nc4 Bc7 41. f4 Kd5 42. h4 Bd8 43. Ne5 Bb6 44. Nxf7 Bxd4 45. Ng5 Bf6 46. Nf3 a6 47. Ke2 Ke4 48. Nd2+ Kd4 49. Nb3+ Kc4 50. Na5+ Kb5 51. Nb3 Kc4 52. Nd2+ Kc3 53. Nf3 Kb2 54. Ne5 Kxa2 55. Nxg6 Kb2 56. h5 a5 57. h6 a4 58. g4 a3 59. g5 Bh8 60. Nxh8 a2 61. Nf7 a1=Q 62. h7 Qa6+ 63. Kf3 Qd3+ 64. Kf2 Qd2+ 65. Kf3 Qd3+ 66. Kf2 1-0


[Site "https://www.chess.com"]